 Dungeon Crawl Stone Soup version 0.17.1-1-g73c8601 (webtiles) character file.

14850 zercules the Basher (level 12, -2/95 HPs)
             Began as a Hill Orc Berserker on Mar 12, 2016.
             Was a High Priest of Trog.
             Slain by a skeletal warrior
             ... wielding a +0 glaive
              (26 damage)
             ... on level 11 of the Dungeon.
             The game lasted 00:55:14 (13298 turns).

zercules the Basher (Hill Orc Berserker)           Turns: 13298, Time: 00:55:16

Health: -2/95      AC: 15    Str: 21    XL:     12   Next: 20%
Magic:  19/19      EV:  9    Int:  7    God:    Trog [*****.]
Gold:   597        SH:  9    Dex: 19    Spells: 0 memorised, 11 levels left

rFire  . . .     SeeInvis .     H - +0 morningstar
rCold  . . .     Clarity  .     u - +0 plate armour
rNeg   . . .     SustAt   .     L - +2 buckler {reflect}
rPois  .         Gourm    .     B - +1 hat
rElec  .         Spirit   .     (no cloak)
rCorr  .         Warding  .     (no gloves)
rMut   .         Stasis   .     (no boots)
MR     .....                    (no amulet)
Stlth  ..........               q - +5 ring of slaying
                                f - +5 ring of dexterity

@: exhausted, slowed, very slow, not resistant to hostile enchantments,
extremely unstealthy
A: no striking features
a: Berserk, Trog's Hand, Brothers in Arms, Burn Spellbooks, Renounce Religion


You were on level 11 of the Dungeon.
You worshipped Trog.
Trog was extremely pleased with you.
You were very hungry.

You visited 1 branch of the dungeon, and saw 11 of its levels.

You collected 597 gold pieces.

Inventory:

Hand Weapons
 k - a +2 whip of venom
 H - a +0 morningstar (weapon)
 O - a +4 antimagic great mace
Missiles
 b - 73 sling bullets
 m - 18 sling bullets of frost
 Q - a throwing net (quivered)
Armour
 i - a +0 shield
 u - a +0 plate armour (worn)
 B - a +1 hat (worn)
 L - a +2 buckler of reflection (worn)
Jewellery
 f - a +5 ring of dexterity (left hand)
 g - an uncursed ring of fire
 h - an uncursed ring of invisibility
 p - an uncursed ring of protection from fire
 q - a +5 ring of slaying (right hand)
 A - an uncursed ring of fire
Wands
 v - a wand of lightning (8)
 C - a wand of fire (5)
 E - a wand of random effects (14)
 G - a wand of fire (5)
 P - a wand of invisibility (2)
Scrolls
 e - 4 scrolls of enchant weapon
 o - 2 scrolls of blinking
 t - 4 scrolls of enchant armour
 w - 6 scrolls of remove curse
 x - 2 scrolls of teleportation
 y - a scroll of fear
 z - a scroll of amnesia {unknown}
Potions
 a - a potion of lignification
 d - 2 potions of flight
 j - a potion of curing
 n - 3 potions of agility
 r - 3 potions of cancellation
 D - 2 potions of heal wounds {unknown}
 F - 2 potions of magic
Books
 l - a book of Minor Magic

   Spells                             Type                      Level
   a - Magic Dart                     Conjuration                  1
   b - Blink                          Translocation                2
   c - Call Imp                       Summoning                    2
   d - Repel Missiles                 Charms/Air                   2
   e - Slow                           Hexes                        2
   f - Conjure Flame                  Conjuration/Fire             3
   g - Mephitic Cloud                 Conjuration/Poison/Air       3
   Trog disapproves of the use of such an item.
 s - the Collected Works on Summoning
   (You found it on level 9 of the Dungeon)

   Spells                             Type                      Level
   a - Summon Small Mammal            Summoning                    1
   b - Recall                         Summoning/Translocation      3
   c - Summon Ice Beast               Ice/Summoning                4
   d - Shadow Creatures               Summoning                    5
   e - Summon Demon                   Summoning                    5
   Trog disapproves of the use of such an item.
 J - a Young Poisoner's Handbook

   Spells                             Type                      Level
   a - Sting                          Conjuration/Poison           1
   b - Cure Poison                    Poison                       2
   c - Mephitic Cloud                 Conjuration/Poison/Air       3
   d - Olgreb's Toxic Radiance        Poison                       4
   e - Venom Bolt                     Conjuration/Poison           5
   Trog disapproves of the use of such an item.
Comestibles
 c - 6 bread rations
 I - 3 fruits
 K - 8 beef jerkies
 M - a slice of pizza
 N - 2 meat rations
 R - 2 chunks of flesh


   Skills:
 - Level 5.8 Fighting
 + Level 11.6 Maces & Flails
 + Level 10.8 Armour
 - Level 3.4 Dodging
 - Level 1.6 Stealth
 - Level 8.0 Shields
 + Level 9.6 Evocations


You had 11 spell levels left.
You didn't know any spells.

Dungeon Overview and Level Annotations

Branches:
Dungeon (11/15)            Temple (0/1) D:6            Lair (0/8) D:9
    Orc: D:9-12

Altars:
Dithmenos
Fedhas
Gozag
Nemelex Xobeh
Qazlal
Ru
Sif Muna
Yredelemnul

Shops:
D:6 [   D:7 [   D:9 ?


Message History

The skeletal warrior is severely damaged.
You block the skeletal warrior's attack.
A skeletal warrior comes into view. It is wielding a battleaxe.
You hit the skeletal warrior.
The skeletal warrior is severely damaged.
You closely miss the skeletal warrior.
The skeletal warrior is severely damaged.
You block the skeletal warrior's attack.
The skeletal warrior hits you with a dire flail.
* * * LOW HITPOINT WARNING * * *
Your plate armour prevents you from hitting the skeletal warrior.
The skeletal warrior is severely damaged.
You hit the skeletal warrior.
The skeletal warrior is almost destroyed.
You are no longer berserk.
Trog's vigour flows through your veins.
You are exhausted.
You feel yourself slow down.
You are feeling very hungry.
The skeletal warrior hits you with a glaive!!
You die...

#..............#.....#
#^.............#.....#
#..............#.....#
#..............#.....#
#########'########z###
..#....#.......#.....#
..#....#.......#.....#
..#....#.......zz....#
..#....#.......#@....#
..#....#########.....#
.>.....#.............#
....<..#.............#
.......#.............#
.......#.............#
###....########......#
..#....#......#......#
..#....#......#......#


You could see 3 skeletal warriors.

Vanquished Creatures
  Harold (D:11)
  A death yak (D:11)
  A skeletal warrior (D:11)
  3 hill giants
  A cyclops (D:11)
  A gargoyle (D:10)
  Psyche (D:11)
  2 trolls (D:11)
  A two-headed ogre (D:8)
  Sigmund (D:3)
  A deep elf mage (D:11)
  A wraith (D:11)
  4 yaks (D:11)
  3 hippogriffs
  3 wolves (D:11)
  4 water moccasins
  9 sky beasts
  11 ice beasts
  An orc warrior (D:6)
  4 centaurs
  A black bear (D:8)
  A wasp (D:9)
  2 eyes of draining
  10 ogres
  2 trapdoor spider simulacra (D:11)
  4 phantoms
  Blork the orc (D:4)
  7 giant frogs
  16 big kobolds
  A scorpion (D:6)
  3 wights (D:6)
  A water moccasin skeleton (D:7)
  2 quasits
  2 giant frog zombies
  A wasp zombie (D:9)
  2 jellies
  6 crimson imps
  5 orc wizards
  2 centaur zombies
  4 orc priests
  Ijyb (D:3)
  3 giant frog skeletons
  4 hounds
  9 worker ants
  A centaur skeleton (D:10)
  A gnoll shaman (D:6)
  5 iguanas
  A centaur simulacrum (D:11)
  A giant frog simulacrum (D:11)
  A worker ant zombie (D:6)
  16 adders
  7 gnolls
  3 shadow imps (D:6)
  3 ufetubi (D:11)
  2 white imps (D:11)
  An ooze (D:1)
  3 adder skeletons
  5 worms
  4 giant geckos
  23 orcs
  8 giant cockroaches
  8 hobgoblins
  12 jackals
  8 quokkas
  3 ball pythons
  4 bats
  A giant gecko skeleton (D:5)
  2 giant newts
  10 goblins
  31 kobolds
  A quokka skeleton (D:5)
  12 rats
321 creatures vanquished.

Notes
Turn   | Place    | Note
--------------------------------------------------------------
     0 | D:1      | zercules the Hill Orc Berserker began the quest for the Orb.
     0 | D:1      | Reached XP level 1. HP: 19/19 MP: 1/1
   139 | D:1      | Reached XP level 2. HP: 8/27 MP: 2/2
   572 | D:1      | Reached skill level 4 in Fighting
   736 | D:1      | Reached XP level 3. HP: 23/33 MP: 3/3
   956 | D:2      | Reached ** piety under Trog
  1695 | D:2      | Reached XP level 4. HP: 25/41 MP: 4/4
  2412 | D:3      | Reached skill level 1 in Stealth
  2448 | D:3      | Noticed Sigmund
  2458 | D:3      | Killed Sigmund
  2458 | D:3      | Reached skill level 5 in Fighting
  2458 | D:3      | Reached XP level 5. HP: 48/48 MP: 5/5
  2458 | D:3      | Reached XP level 6. HP: 56/56 MP: 6/6
  2753 | D:3      | Reached *** piety under Trog
  2822 | D:3      | Found an opulent altar of Gozag.
  3214 | D:3      | Reached skill level 5 in Maces & Flails
  3304 | D:3      | Noticed Ijyb
  3314 | D:3      | Killed Ijyb
  3560 | D:4      | Reached skill level 1 in Shields
  3560 | D:4      | Reached XP level 7. HP: 61/61 MP: 7/7
  3790 | D:4      | Noticed Blork the orc
  3801 | D:4      | Killed Blork the orc
  4102 | D:4      | Found a stormy altar of Qazlal.
  4491 | D:5      | Entered Level 5 of the Dungeon
  4934 | D:5      | Reached **** piety under Trog
  4934 | D:5      | Reached skill level 1 in Evocations
  5070 | D:5      | Reached skill level 6 in Maces & Flails
  5070 | D:5      | Reached XP level 8. HP: 40/70 MP: 7/9
  5271 | D:5      | Found a deep blue altar of Sif Muna.
  5272 | D:5      | Found a sparkling altar of Nemelex Xobeh.
  5550 | D:5      | Found a shadowy altar of Dithmenos.
  5736 | D:6      | Found a basalt altar of Yredelemnul.
  6268 | D:6      | Reached skill level 5 in Armour
  6286 | D:6      | Found a staircase to the Ecumenical Temple.
  6549 | D:6      | Reached skill level 7 in Maces & Flails
  6553 | D:6      | Reached XP level 9. HP: 75/75 MP: 11/11
  6795 | D:6      | HP: 1/75 [orc warrior/flail (11)]
  6797 | D:6      | Reached skill level 5 in Shields
  7284 | D:6      | Found Jyofyoff's Armour Shoppe.
  8302 | D:7      | Found an opulent altar of Gozag.
  8463 | D:7      | Found Uthedoaho's Antique Armour Shop.
  8566 | D:7      | Reached skill level 5 in Evocations
  8568 | D:7      | Reached skill level 8 in Maces & Flails
  8745 | D:7      | Found a blossoming altar of Fedhas.
  8822 | D:7      | Reached XP level 10. HP: 83/83 MP: 14/14
  9706 | D:9      | Reached ***** piety under Trog
  9709 | D:9      | Reached skill level 9 in Maces & Flails
  9969 | D:9      | Identified the Collected Works on Summoning
  9992 | D:9      | Found a blossoming altar of Fedhas.
 10104 | D:9      | Found Vorossat's Magic Scroll Emporium.
 10315 | D:9      | Found a sacrificial altar of Ru.
 10626 | D:9      | Found a staircase to the Lair.
 10669 | D:10     | Entered Level 10 of the Dungeon
 10669 | D:10     | Noticed a hill giant
 10681 | D:10     | Killed a hill giant
 10681 | D:10     | Reached XP level 11. HP: 34/89 MP: 16/16
 10682 | D:10     | Noticed a hill giant
 10693 | D:10     | Killed a hill giant
 10693 | D:10     | Reached skill level 10 in Maces & Flails
 11950 | D:11     | Noticed Psyche
 11955 | D:11     | Received a gift from Trog
 11959 | D:11     | Killed Psyche
 12082 | D:11     | Noticed Harold
 12095 | D:11     | Killed Harold
 12369 | D:11     | Noticed a hill giant
 12379 | D:11     | Killed a hill giant
 12379 | D:11     | Reached skill level 10 in Armour
 12425 | D:11     | Reached skill level 11 in Maces & Flails
 12475 | D:11     | Noticed a death yak
 12802 | D:11     | Killed a death yak
 12989 | D:11     | Reached XP level 12. HP: 95/95 MP: 18/18
 13273 | D:11     | Noticed a skeletal warrior
 13274 | D:11     | Noticed a skeletal warrior
 13289 | D:11     | Killed a skeletal warrior
 13290 | D:11     | Noticed a skeletal warrior
 13295 | D:11     | Noticed a skeletal warrior
 13298 | D:11     | Slain by a skeletal warrior

Action                   |  1- 3 |  4- 6 |  7- 9 | 10-12 || total
-------------------------+-------+-------+-------+-------++-------
Melee: Mace              |   121 |   145 |   556 |       ||   822
       Morningstar       |       |       |    35 |   592 ||   627
Throw: Throwing net      |       |       |       |     2 ||     2
Invok: Berserk           |     1 |     4 |     9 |     5 ||    19
       Trog's Hand       |       |       |     1 |       ||     1
Evoke: Wand              |       |       |    18 |     4 ||    22
  Use: Scroll            |       |     4 |    13 |     5 ||    22
       Potion            |       |       |     4 |       ||     4
 Stab: Sleeping          |     1 |     4 |       |       ||     5
       Held in net/web   |       |       |       |     2 ||     2
  Eat: Chunk             |     3 |     7 |    20 |    15 ||    45
       Bread ration      |       |     1 |     1 |       ||     2
       Pizza             |       |       |     1 |       ||     1
       Meat ration       |       |       |       |     1 ||     1
